 Dungeon Crawl Stone Soup version 0.21.1-1-g345015f (webtiles) character file.

72 robbits the Insei (level 4, -2/32 HPs)
             Began as a Demonspawn Transmuter on May 28, 2018.
             Killed by divine providence
             ... invoked by an orc priest
              (12 damage)
             ... on level 3 of the Dungeon.
             The game lasted 00:04:00 (2734 turns).

robbits the Insei (Demonspawn Transmuter)           Turns: 2734, Time: 00:04:00

Health: -2/32      AC:  2    Str: 10    XL:     4   Next: 6%
Magic:  0/7        EV: 12    Int: 15    God:
Gold:   86         SH:  0    Dex: 14    Spells: 6/7 levels left

rFire    . . .     SeeInvis .     - Unarmed
rCold    . . .     Gourm    .   (no shield)
rNeg     . . .     Faith    .   b - +0 robe
rPois    .         Spirit   +   (no helmet)
rElec    .         Reflect  .   (no cloak)
rCorr    .         Harm     .   (no gloves)
MR       .....                  (no boots)
Stlth    ++........             (no amulet)
HPRegen  0.10/turn              (no ring)
MPRegen  0.10/turn              (no ring)

@: appendage
A: horns 2, talons 1, magic shield
a: End Transformation


You were on level 3 of the Dungeon.
You were hungry.
You had grown temporary horns.
You visited 1 branch of the dungeon, and saw 3 of its levels.

You collected 86 gold pieces.

Inventory:

Missiles
 a - 12 arrows
Armour
 b - a +0 robe (worn)
Scrolls
 h - a scroll of fear {unknown}
 k - a scroll of teleportation
 l - a scroll of magic mapping {unknown}
 m - a scroll of blinking {unknown}
Potions
 f - a potion of brilliance
 g - a potion of curing
 i - 2 potions of heal wounds
 o - a potion of flight
 p - a potion of invisibility {unknown}
Books
 c - a book of Changes

   Spells                             Type                      Level
   a - Beastly Appendage              Transmutation                1
   b - Sticks to Snakes               Transmutation                2
   c - Spider Form                    Transmutation/Poison         3
   d - Ice Form                       Ice/Transmutation            4
   e - Blade Hands                    Transmutation                5
 j - a book of Maledictions

   Spells                             Type                      Level
   a - Corona                         Hexes                        1
   b - Ensorcelled Hibernation        Hexes/Ice                    2
   c - Confuse                        Hexes                        3
   d - Tukima's Dance                 Hexes                        3
   e - Dazzling Spray                 Conjuration/Hexes            3
Comestibles
 d - 5 rations
 n - 3 chunks of flesh


   Skills:
 + Level 1.3 Fighting
 + Level 2.2 Dodging
 + Level 0.6 Stealth
 + Level 3.4 Unarmed Combat
 + Level 2.3 Spellcasting
 + Level 2.3 Transmutations


You had 6 spell levels left.
You knew the following spells:

 Your Spells              Type           Power        Failure   Level  Hunger
a - Beastly Appendage     Tmut           #.....       9%          1    #......


Dungeon Overview and Level Annotations

Branches:
Dungeon (3/15)

Altars:


Innate Abilities, Weirdness & Mutations

You have sharp toenails.
When hurt, damage is shared between your health and your magic reserves.
You have a pair of horns on your head.


Message History

a flail; a jackal corpse You barely miss the orc priest.
You claw the orc priest.
The orc priest is moderately wounded.
The orc priest invokes the aid of Beogh against you.
Beogh smites you!
The orc wizard mumbles some strange words.
The orc wizard seems to speed up.
A jackal comes into view.
The jackal barks!
You hit the orc priest but do no damage.
Your kick misses the orc priest. You headbutt the orc priest.
The orc priest is moderately wounded.
The orc wizard looks encouraged for a moment.
The orc priest barely misses you.
You completely miss the orc priest. Your kick misses the orc priest.
The orc priest is moderately wounded.
The orc wizard barely misses you.
The orc priest calls down the wrath of Beogh upon you.
Beogh smites you!
You die...

...###.....#.# #....o.o.o#
#.....#...##.# #.#
#.####.#..##.# ##.########
#.####.#..##.# #..........
..........##.####h.########
.....##.#...........#
#.##.##...#...###...#
#.##...........##oo.####
#.##............@o.......
#...#.##.#.....##.#######
###.#.##.##...###......
#.#.#...##......###
#.#.#...........#
#.#.#...###..#### #.#####
#..# .. #..# #..#


You could see an orc priest, 2 orc wizards and a jackal.

Vanquished Creatures
  A gnoll (D:1)
  An ooze (D:3)
  2 dart slugs
  7 orcs
  A ball python (D:1)
  2 giant cockroaches (D:1)
  3 goblins
  4 hobgoblins
  2 jackals (D:3)
  3 quokkas (D:2)
  6 bats
  3 frilled lizards
  5 kobolds
  3 rats
43 creatures vanquished.

Notes
Turn   | Place    | Note
-------+----------+-------------------------------------------
     0 | D:1      | robbits the Demonspawn Transmuter began the quest for the Orb.
     0 | D:1      | Reached XP level 1. HP: 15/15 MP: 3/3
   547 | D:1      | Reached skill level 3 in Unarmed Combat
   547 | D:1      | Gained mutation: When hurt, damage is shared between your health and your magic reserves. [demonic ancestry]
   547 | D:1      | Reached XP level 2. HP: 10/21 MP: 3/5
  1349 | D:2      | Reached XP level 3. HP: 26/26 MP: 4/6
  2726 | D:3      | Mutation became permanent: You have razor-sharp toenails. [demonic ancestry]
  2726 | D:3      | Gained mutation: You have claws for feet. [demonic ancestry]
  2726 | D:3      | Reached XP level 4. HP: 19/32 MP: 4/7
  2734 | D:3      | Killed from afar by an orc priest

Skill      XL: |  1  2 |
---------------+-------+-----
Unarmed Combat | 3 |  3.4
Dodging        | 2 |  2.2
Transmutations | 2 |  2.3
Fighting       | |  1.3
Stealth        | |  0.6
Spellcasting   | |  2.3

Action                   |  1- 3 |  4- 6 || total
-------------------------+-------+-------++-------
Melee: Unarmed           |   205 |     6 ||   211
       Headbutt          |     5 |     1 ||     6
       Kick              |    14 |     1 ||    15
       Punch             |     2 |       ||     2
 Cast: Beastly Appendage |    25 |     1 ||    26
  Use: Scroll            |     5 |       ||     5
 Stab: Sleeping          |     4 |       ||     4
  Eat: Chunk             |     6 |       ||     6
Armor: Robe              |    41 |       ||    41
Dodge: Dodged            |   152 |     6 ||   158
